 Dungeon Crawl Stone Soup version 0.29-a0-322-g68df515428 (webtiles) character file.

Game seed: 3219030534040234628

5040 Laraso the Basher (level 10, -7/74 HPs)
             Began as a Palentonga Abyssal Knight on Apr 7, 2022.
             Was a High Priest of Lugonu.
             Asphyxiated
             ... on level 8 of the Dungeon.
             The game lasted 00:12:49 (8109 turns).

Laraso the Basher (Palentonga Abyssal Knight)       Turns: 8109, Time: 00:12:50

Health: -7/74      AC: 27    Str: 19    XL:     10   Next: 30%
Magic:  14/17      EV:  2    Int: 11    God:    Lugonu [*****.]
Gold:   373        SH:  0    Dex: 12    Spells: 9/9 levels left

rFire   . . .      SeeInvis +   a - +3 flail
rCold   . . .      Faith    .   (no shield)
rNeg    . . .      Spirit   .   f - +0 plate armour
rPois   .          Reflect  .   (no helmet)
rElec   .          Harm     .   (no cloak)
rCorr   +          Rampage  .   q - +0 pair of gloves
Will    .....                   z - +3 barding
Stlth   ..........              (no amulet)
HPRegen 0.22/turn               d - +4 ring of slaying
MPRegen 0.15/turn               j - ring of resist corrosion

@: lethally poisoned (-7 -> -18), slowed, curled up, very slow
A: large, rugged brown scales 3, see invisible, deformed body, roll 1, armoured
tail, reflexive curl
a: Rolling Charge, Renounce Religion, Depart the Abyss, Bend Space, Banish,
Corrupt, Enter the Abyss


You were on level 8 of the Dungeon.
You worshipped Lugonu.
Lugonu was extremely pleased with you.
You visited 1 branch of the dungeon, and saw 8 of its levels.
You visited the Abyss 1 time.

You collected 373 gold pieces.

Inventory:

Hand Weapons
 a - a +3 flail (weapon)
 b - the +4 arbalest of Propriety {freeze, Str+2 Int-4 Dex+5 SInv}
   (You found it on level 7 of the Dungeon)

   Any ammunition fired from it freezes those it strikes, dealing additional
   cold damage.
   It can also slow down cold-blooded creatures.
   Str:       It affects your strength (+2).
   Int:       It affects your intelligence (-4).
   Dex:       It affects your dexterity (+5).
   SInv:      It lets you see invisible.
Missiles
 k - a throwing net
Armour
 f - a +0 plate armour (worn)
 q - a +0 pair of gloves (worn)
 z - a +3 barding (worn)
Jewellery
 d - a +4 ring of slaying (left hand)
 j - a ring of resist corrosion (right hand)
Wands
 r - a wand of digging (4)
 y - a wand of polymorph (6)
Scrolls
 c - 3 scrolls of immolation
 o - 4 scrolls of teleportation
 p - a scroll of identify
 t - a scroll of amnesia
 w - a scroll of enchant weapon
 A - a scroll of magic mapping
Potions
 e - 5 potions of flight
 g - 2 potions of magic
 h - 3 potions of cancellation
 i - 3 potions of lignification
 l - a potion of might
 m - a potion of mutation
 n - a potion of curing
 s - 2 potions of brilliance
 u - a potion of invisibility {unknown}
 v - a potion of heal wounds {unknown}


   Skills:
 - Level 3.0 Fighting
 - Level 10.0 Maces & Flails
 * Level 6.7 Armour
 - Level 0.7 Dodging
 - Level 10.0 Invocations


You had 9 spell levels left.
You didn't know any spells.
Your spell library contained the following spells:

 Spells                   Type           Power      Damage    Failure   Level
 Static Discharge         Conj/Air       0%         N/A       100%        2
 Sublimation of Blood     Necr           0%         N/A       100%        2
 Frozen Ramparts          Ice            0%         1d2       100%        3
 Airstrike                Air            0%         N/A       100%        4
 Dispel Undead            Necr           0%         3d6       100%        4
 Fulminant Prism          Conj/Hex       0%         3d6       100%        4
 Ice Form                 Ice/Tmut       0%         N/A       100%        4
 Iskenderun's Mystic Bla  Conj/Tloc      0%         2d3       100%        4
 Petrify                  Tmut/Erth      0%         N/A       100%        4
 Sticky Flame             Conj/Fire      0%         2d3       100%        4
 Summon Ice Beast         Ice/Summ       0%         N/A       100%        4
 Summon Lightning Spire   Summ/Air       0%         N/A       100%        4
 Irradiate                Conj/Tmut      0%         3d13      100%        5
 Lee's Rapid Deconstruct  Erth           0%         3d5*      100%        5
 Lightning Bolt           Conj/Air       0%         1d11      100%        5


Dungeon Overview and Level Annotations

Branches:
Dungeon (8/15)             Temple (0/1) D:7
   Lair: D:8-11

Altars:
Kikubaaqudgha
Trog
Zin


Innate Abilities, Weirdness & Mutations

You are completely covered in rugged brown scales. (AC +3, +7% HP)
You have supernaturally acute eyesight. (SInv)
Armour fits poorly on your strangely shaped body.
You can roll at nearby foes to attack.
You have a long armoured tail.
You curl defensively after being hit. (AC +7*)


Message History

The kobold brigand hits you but does no damage.
Unknown command.
Okay, then.
Space bends around you!
You blink.
Found 18 gold pieces.
You feel sick.
The kobold hits you but does no damage. x2
The orc hits you but does no damage. x2; The orc hits you with a +0 flail.
* * * LOW HITPOINT WARNING * * *
The kobold hits you but does no damage.
Unknown command.
Okay, then.
Okay, then.
Space bends violently around you!
The kobold blinks!
The orc priest blinks!
The orc blinks! x2; You blink.
Found 31 gold pieces.
* * * LOW HITPOINT WARNING * * *
You feel sick.
The orc priest looks encouraged for a moment.
Unknown command.
Really quaff the potion of mutation?
Okay, then.
Unknown command.
You feel better. The kobold hits you with a +0 dagger.
* * * LOW HITPOINT WARNING * * *
Unknown command.
Space bends sharply around you!
You blink.
The orc wizard blinks!
The orc blinks!
The kobold hits you but does no damage.
The kobold brigand throws a curare-tipped dart.
The curare-tipped dart hits the orc wizard.
The orc wizard is poisoned.
The orc wizard convulses.
The orc wizard seems to slow down.
The orc wizard hits you but does no damage.
The kobold hits you but does no damage.
The orc wizard points at you and mumbles some strange words.
The magic dart hits you.
* * * LOW HITPOINT WARNING * * *
The kobold brigand throws a curare-tipped dart.
The curare-tipped dart barely misses the orc wizard.
The curare-tipped dart hits you.
You are lethally poisoned!
You have difficulty breathing.
You die...

#.......# #####.......#
##........####
###K§###))8.##
##.o#####))(..####
####.K##..)'##.##'...
#####....##<.8).##.##[.8.
.......Ko.##...##...##.).
##..#..§@..######.8.#####
. ##.§o###### #...#
.....o.....# ##>##
##..[..KoK..# ###
..o#........#
...........o.#
..........$.......#
..............#####
..........#


You could see a kobold brigand, an orc priest, 2 orc wizards, 3 orcs and 2
kobolds.

Vanquished Creatures
  The ghost of SkeletonJelly the Carver, a novice DrMo of Makhleb (D:7)
  The ghost of LobsterGuardian the Changer, a novice NaTm of Uskayaw (D:6)
  5 yaks (D:7)
  A water moccasin (D:7)
  A sky beast (D:7)
  An orc warrior (D:8)
  2 ice beasts
  4 centaurs
  2 kobold brigands
  5 necrophages
  3 bullfrogs
  4 scorpions
  8 wights
  2 vampire bats (D:6)
  5 howler monkeys
  A centaur zombie (D:7)
  3 hounds
  An orc priest (D:7)
  A gnoll shaman (D:7)
  3 jellies
  4 iguanas
  4 orc wizards
  2 mummies (D:7)
  8 gnolls
  8 adders
  2 shadow imps (D:5)
  A white imp (D:5)
  An ufetubus (D:7)
  5 worms
  3 dart slugs
  19 orcs
  7 ball pythons
  5 bat skeletons (D:6)
  A bat zombie (D:6)
  13 endoplasms
  2 giant cockroaches (D:1)
  7 hobgoblins
  4 jackals (D:3)
  2 quokkas
  3 bats
  7 frilled lizards
  8 goblins
  10 kobolds
  7 rats
187 creatures vanquished.

Vanquished Creatures (others)
  5 withered plants (D:7)
5 creatures vanquished.

Grand Total: 192 creatures vanquished

Notes
Turn   | Place    | Note
-------+----------+-------------------------------------------
     0 | Abyss:1  | Laraso the Palentonga Abyssal Knight began the quest for
                  | the Orb.
     0 | Abyss:1  | Reached XP level 1. HP: 19/19 MP: 2/2
     4 | D:1      | Escaped the Abyss
   184 | D:1      | Reached XP level 2. HP: 24/25 MP: 3/3
   533 | D:1      | Reached XP level 3. HP: 26/31 MP: 4/4
  1113 | D:2      | Reached *** piety under Lugonu
  1309 | D:2      | Found a faded altar of an unknown god.
  1774 | D:3      | Reached XP level 4. HP: 37/37 MP: 6/6
  2032 | D:3      | Reached XP level 5. HP: 43/43 MP: 7/7
  2519 | D:4      | Reached skill level 5 in Maces & Flails
  2520 | D:4      | Reached **** piety under Lugonu
  2885 | D:4      | Noticed an ice beast
  2889 | D:4      | Killed an ice beast
  2890 | D:4      | Reached XP level 6. HP: 48/50 MP: 7/9
  3403 | D:4      | Noticed a two-headed ogre
  3549 | D:4      | Noticed a moth of wrath
  3551 | D:4      | Found a bloodstained altar of Trog.
  3843 | D:5      | Entered Level 5 of the Dungeon
  3904 | D:5      | Reached skill level 5 in Invocations
  3904 | D:5      | Gained mutation: You curl defensively after being hit. (AC
                  | +7*) [Palentonga growth]
  3904 | D:5      | Reached XP level 7. HP: 49/55 MP: 10/10
  4495 | D:6      | Found an ancient bone altar of Kikubaaqudgha.
  4717 | D:6      | Reached XP level 8. HP: 47/62 MP: 12/12
  5403 | D:6      | Identified the +0 scale mail "Koigicy" {Contam rElec rN+
                  | Dex+3}
  5609 | D:7      | Reached ***** piety under Lugonu
  5613 | D:7      | Found a runed translucent gate.
  5629 | D:7      | Found a runed translucent gate.
  5629 | D:7      | Found a runed translucent gate.
  5632 | D:7      | Noticed SkeletonJelly's ghost (novice DrMo)
  5632 | D:7      | Noticed LobsterGuardian's ghost (novice NaTm)
  5660 | D:7      | Found a glowing silver altar of Zin.
  5660 | D:7      | Noticed an angel
  5767 | D:7      | Reached XP level 9. HP: 55/67 MP: 14/14
  5781 | D:7      | Reached skill level 10 in Maces & Flails
  5990 | D:7      | Found a staircase to the Ecumenical Temple.
  7094 | D:6      | Killed LobsterGuardian's ghost
  7095 | D:6      | Reached skill level 5 in Armour
  7284 | D:7      | Killed SkeletonJelly's ghost
  7285 | D:7      | Reached XP level 10. HP: 30/74 MP: 8/17
  7459 | D:7      | Identified the +4 arbalest of Propriety {freeze, Str+2
                  | Int-4 Dex+5 SInv}
  7864 | D:7      | Reached skill level 10 in Invocations
  8107 | D:8      | HP: 1/74 [poisoned by a kobold brigand (curare-tipped
                  | dart)]
  8109 | D:8      | Asphyxiated

Illustrated notes

Levels and vault maps discovered:
D:1:      minmay_arrival_three_doors, layout_basic, st_stairs_9, chequers_garden
D:2:      kb_forest_paths, layout_loops_ring, chequers_ecumenical_altar_simple
D:3:      layout_loops_ring, solitary_fountain, chequers_arboretum
D:4:      layout_gridville, tgw_trog, minmay_liquid_box, lightli_corner_chamber
D:5:      layout_rooms
D:6:      layout_basic, kennysheep_vampire_church
D:7:      layout_loops_ring, zin_angel, minmay_temple_entry_enclosed_plants,
          gammafunk_ghost_cemetery, serial_undead, serial_undead_e,
          serial_undead_b, serial_undead_f, serial_undead_d, serial_undead_d,
          wad_rectangle_vault
D:8:      layout_rooms, nicolae_ru_path_of_blood, ebering_ghost_funeral_grove,
          grunt_ministairs_4, kennysheep_path_1

Skill      XL: |  1  2  3  4  5  6  7  8  9 10 |
---------------+-------------------------------+-----
Maces & Flails | 3 4 5 6 7 9 10 | 10.0
Invocations    | 3 4 5 6 7 9 10 | 10.0
Armour         | 5 6 |  6.7
Fighting       | |  3.0
Dodging        | |  0.7

Action                   |  1- 3 |  4- 6 |  7- 9 | 10-12 || total
-------------------------+-------+-------+-------+-------++-------
Melee: Mace              |    91 |   115 |    57 |       ||   263
       Tailslap          |     6 |    14 |    40 |     7 ||    67
       Punch             |     1 |       |       |       ||     1
       Flail             |       |       |   152 |    57 ||   209
 Fire: Arbalest          |       |       |       |     1 ||     1
Invok: Bend Space        |       |    10 |    41 |    16 ||    67
       Banish            |       |       |     2 |       ||     2
 Abil: Rolling Charge    |    27 |    48 |    60 |    11 ||   146
  Use: Scroll            |    11 |     5 |     4 |     3 ||    23
       Potion            |       |       |       |     1 ||     1
Armor: Leather armour    |    10 |       |       |       ||    10
       Plate armour      |    27 |    58 |   173 |    65 ||   323
Dodge: Dodged            |    20 |     5 |    13 |     9 ||    47
Block: Buckler           |       |     7 |    14 |       ||    21

Table legend: (Time is in decaauts)
 A = Elapsed time spent in this place.
 B = Non-inter-level travel time spent in this place.
 C = Inter-level travel time spent in this place.
 D = Time resting spent in this place.
 E = Time spent auto-exploring this place.
 F = Levels seen in this place.
 G = Mean time per level.
                   A        B        C        D        E       F      G
               +--------+--------+--------+--------+--------+-----+--------+
         Total |   8165 |   7909 |    256 |   2098 |   4430 |   9 |  907.2 |
       Dungeon |   8161 |   7905 |    256 |   2098 |   4430 |   8 | 1020.1 |
         Abyss |      4 |      4 |      0 |      0 |      0 |   1 |    4.0 |
               +--------+--------+--------+--------+--------+-----+--------+

Top non-repeatable levels by time:
     D:7: 2067 daAuts
     D:4: 1400 daAuts
     D:6: 1386 daAuts
     D:1: 959 daAuts
     D:2: 807 daAuts
     D:3: 734 daAuts
     D:5: 668 daAuts
     D:8: 136 daAuts
 Abyss:1: 4 daAuts
